 Dungeon Crawl Stone Soup version 0.29.1-13-g9f3cf754e1 (webtiles) character file.

Game seed: 741562788148545978

70 theswoord the Shooter (level 4, 33/33 HPs)
             Began as a Demonspawn Hunter on Jan 23, 2023.
             Quit the game on level 2 of the Dungeon.
             The game lasted 00:01:47 (1458 turns).

theswoord the Shooter (Demonspawn Hunter)           Turns: 1458, Time: 00:01:48

Health: 33/33      AC:  3    Str: 13    XL:     4   Next: 3%
Magic:  4/4        EV: 12    Int: 10    God:
Gold:   80         SH:  0    Dex: 17    Spells: 3/3 levels left

rFire   . . .      SeeInvis .   a - +0 shortbow
rCold   . . .      Faith    .   (shield currently unavailable)
rNeg    . . .      Spirit   .   c - +0 leather armour
rPois   .          Reflect  .   (helmet restricted)
rElec   .          Harm     .   (no cloak)
rCorr   .          Rampage  .   (no gloves)
Will    .....                   (no boots)
Stlth   ++........              (no amulet)
HPRegen 0.11/turn               (no ring)
MPRegen 0.09/turn               (no ring)

@: no status effects
A: horns 2, demonic magic 1
a: no special abilities


You were on level 2 of the Dungeon.
You visited 1 branch of the dungeon, and saw 2 of its levels.

You collected 80 gold pieces.

Inventory:

Hand Weapons
 a - a +0 shortbow (weapon)
Armour
 c - a +0 leather armour (worn)
 i - a +0 pair of boots
Scrolls
 b - a scroll of immolation
 d - 4 scrolls of identify {unknown}
 e - 3 scrolls of teleportation {unknown}
 h - a scroll of poison {unknown}
 j - a scroll of noise {unknown}
Potions
 f - a potion of magic {unknown}
 g - a potion of heal wounds {unknown}
 k - a potion of mutation {unknown}
 l - 2 potions of curing {unknown}


   Skills:
 - Level 2.0 Fighting
 + Level 5.1 Ranged Weapons
 - Level 1.7 Dodging
 - Level 0.8 Stealth


You had 3 spell levels left.
You didn't know any spells.
Your spell library was empty.

Dungeon Overview and Level Annotations

Branches:
Dungeon (2/15)

Altars:


Innate Abilities, Weirdness & Mutations

You have a pair of horns on your head.
Spells you cast may paralyse adjacent enemies.


Message History

You now have 80 gold pieces (gained 15).
You open the door.
There is an open door here.
Things that are here:
a +0 dagger; 2 stones You open the door.
There is an open door here.
You open the door.
There is an open door here.
You open the door.
A ball python, an adder and a goblin come into view.
The goblin shouts!
Found 14 gold pieces.
There are monsters nearby!
You shoot an arrow. The arrow closely misses the goblin.
The adder hisses angrily.
The goblin hits you with a +0 club.
You shoot an arrow. The arrow closely misses the goblin.
The arrow hits the adder!
The adder is almost dead.
The goblin completely misses you.
You shoot an arrow. The arrow hits the goblin!
You kill the goblin!
You shoot an arrow. The arrow hits the adder!
You kill the adder!
You have reached level 4!
You feel agile.
Your demonic ancestry asserts itself...
A menacing aura infuses your magic.
You shoot an arrow.
The arrow closely misses the ball python.
The ball python bites you. The ball python misses you.
The ball python closely misses you. The ball python grabs you.
The ball python constricts you.
You shoot an arrow. The arrow hits the ball python!
You kill the ball python!
No target in view!
Found a leather armour.
There is an open door here.
Items here: ) †††.
Are you sure you want to abandon this character and quit the game? (Confirm with "yes".)

######################
..........#...#...#$[#
.#..##....))..+....?
†#.....##.#..:#...#
.).##.....######@#####
.....................#
.##.####.###.#.#######
.##)# #.# #.#.# ..#.#
#.###.#.# .##.#
#.......# ###.#
#####.### # #.# #.#
###.# #.#


There were no monsters in sight!

Vanquished Creatures
  2 adders (D:2)
  A worm (D:2)
  2 ball pythons (D:2)
  6 endoplasms
  A giant cockroach (D:2)
  7 goblins
  4 hobgoblins
  6 kobolds (D:2)
  3 quokkas
  3 bats
  3 frilled lizards (D:2)
  4 rats (D:1)
42 creatures vanquished.

Notes
Turn   | Place    | Note
-------+----------+-------------------------------------------
     0 | D:1      | theswoord the Demonspawn Hunter began the quest for the
                  | Orb.
     0 | D:1      | Reached XP level 1. HP: 16/16 MP: 1/1
   122 | D:1      | Reached skill level 4 in Ranged Weapons
   134 | D:1      | Gained mutation: You have a pair of small horns on your
                  | head. [demonic ancestry]
   134 | D:1      | Reached XP level 2. HP: 22/22 MP: 2/2
   582 | D:2      | Gained mutation: You have a pair of horns on your head.
                  | [demonic ancestry]
   582 | D:2      | Reached XP level 3. HP: 27/27 MP: 3/3
  1218 | D:2      | Reached skill level 5 in Ranged Weapons
  1435 | D:2      | Gained mutation: Spells you cast may paralyse adjacent
                  | enemies. [demonic ancestry]
  1435 | D:2      | Reached XP level 4. HP: 32/33 MP: 4/4
  1458 | D:2      | Quit the game

Skill      XL: |  1  2  3 |
---------------+----------+-----
Ranged Weapons | 4 5 |  5.1
Fighting       | |  2.0
Dodging        | |  1.7
Stealth        | |  0.8

Action                   |  1- 3 |  4- 6 || total
-------------------------+-------+-------++-------
 Fire: Shortbow          |    95 |     2 ||    97
Armor: Leather armour    |     8 |       ||     8
Dodge: Dodged            |    23 |     2 ||    25

Levels and vault maps discovered:
D:1:      minmay_arrival_jagged, layout_basic
D:2:      minmay_thinvault, layout_loops_corners, st_stairs_11
